 Dungeon Crawl Stone Soup version 0.20.1-1-g8b1a95d (webtiles) character file.

29 Monsterracer the Magician (level 3, -5/24 HPs)
             Began as a Barachi Wizard on Sept 10, 2017.
             Engulfed by a cloud of flame (29 damage)
             ... on level 1 of the Dungeon.
             The game lasted 00:02:13 (1294 turns).

Monsterracer the Magician (Barachi Wizard)          Turns: 1294, Time: 00:02:13

Health: -5/24      AC:  2    Str:  8    XL:     3   Next: 16%
Magic:  7/7        EV: 12    Int: 19    God:
Gold:   71         SH:  0    Dex: 10    Spells: 1/8 levels left

rFire    . . .     SeeInvis .   m - +0 hunting sling
rCold    . . .     Gourm    .   (no shield)
rNeg     . . .     Faith    .   a - +0 robe
rPois    .         Spirit   .   b - +0 hat
rElec    .         Reflect  .   (no cloak)
rCorr    .         Harm     .   (no gloves)
MR       .....                  (no boots)
Stlth    ++........             (no amulet)
Regen    0.1/turn               (no ring)
MPRegen  0.1/turn               (no ring)

@: can't hop, slow
A: +LOS, swims, slowness 1, strong legs 1
a: Hop


You were on level 1 of the Dungeon.
You were not hungry.

You visited 1 branch of the dungeon, and saw 1 of its levels.

You collected 71 gold pieces.

Inventory:

Hand Weapons
 m - a +0 hunting sling (weapon)
Missiles
 f - 26 stones (quivered)
Armour
 a - a +0 robe (worn)
 b - a +0 hat (worn)
Jewellery
 i - an uncursed ring of ice
Scrolls
 e - 2 scrolls of identify {unknown}
 l - 2 scrolls of teleportation {unknown}
Potions
 g - a potion of flight {unknown}
 h - a potion of heal wounds {unknown}
 k - a potion of degeneration {unknown}
 n - a potion of berserk rage {unknown}
Books
 c - a book of Minor Magic

   Spells                             Type                      Level
   a - Magic Dart                     Conjuration                  1
   b - Blink                          Translocation                2
   c - Call Imp                       Summoning                    2
   d - Slow                           Hexes                        2
   e - Conjure Flame                  Conjuration/Fire             3
   f - Mephitic Cloud                 Conjuration/Poison/Air       3
Comestibles
 d - a bread ration
 j - a meat ration


   Skills:
 - Level 2.1 Dodging
 - Level 1.7 Stealth
 - Level 3.2 Spellcasting
 + Level 3.2 Conjurations
   Level 1.2 Summonings
   Level 1.1 Translocations


You had one spell level left.
You knew the following spells:

 Your Spells              Type           Power        Failure   Level  Hunger
a - Magic Dart            Conj           ###.         3%          1    None
b - Conjure Flame         Conj/Fire      #.......     22%         3    ###....
c - Mephitic Cloud        Conj/Pois/Air  #.......     28%         3    ###....


Dungeon Overview and Level Annotations

Branches:
Dungeon (1/15)

Altars:


Innate Abilities, Weirdness & Mutations

Shadows flee at your approach. (+LOS)
You can swim through water.
You cover ground slowly.
You can hop short distances.


Message History

You kill the ooze!
You start resting.
Magic restored.
Unknown command.
Really walk into a travel-excluded area?
Hop to where?
Press: ? - help, Dir - move target cursor Boing!
You now have 38 gold pieces (gained 11).
You now have 52 gold pieces (gained 14).
You now have 62 gold pieces (gained 10).
You now have 71 gold pieces (gained 9).
You start waiting.
You are ready to hop once more.
Really walk into a travel-excluded area?
Hop to where?
Press: ? - help, Dir - move target cursor Boing!
You are engulfed in blazing flames.
Ouch! That really hurt!
You die...

# #.# # #.# ####### ##.##
##....# #...# ##....# #§§§#
##....# #§§§# #....# #.§§#
##....## ##########...######
.'.....####.....@§§.....§§§.##
##.......##.....§§§§....§§§..#
#.......##.....§§§.....§§...#
###......##....#####...#####.#
....##'####....# #§§§# #
###.##.# #....# #§§§#
#.##.####÷...# #§§§#
#.##.##.'....#####...#
###.##.##÷#...........##


There were no monsters in sight!

Vanquished Creatures
  An ooze (D:1)
  2 dart slugs (D:1)
  5 bats (D:1)
  4 goblins (D:1)
  3 hobgoblins (D:1)
  A frilled lizard (D:1)
  3 kobolds (D:1)
  2 rats (D:1)
21 creatures vanquished.

Vanquished Creatures (others)
  A ball python (D:1)
1 creature vanquished.

Grand Total: 22 creatures vanquished

Notes
Turn   | Place    | Note
-------+----------+-------------------------------------------
     0 | D:1      | Monsterracer the Barachi Wizard began the quest for the Orb.
     0 | D:1      | Reached XP level 1. HP: 13/13 MP: 4/4
    50 | D:1      | HP: 3/13 [hobgoblin (4)]
   410 | D:1      | Reached XP level 2. HP: 19/19 MP: 0/6
  1162 | D:1      | Reached XP level 3. HP: 24/24 MP: 1/7
  1167 | D:1      | Learned a level 3 spell: Conjure Flame
  1171 | D:1      | Learned a level 3 spell: Mephitic Cloud
  1294 | D:1      | Engulfed by a cloud of flame

Skill      XL: |  1  2 |
---------------+-------+-----
Conjurations   | 2 3 |  3.2
Dodging        | |  2.1
Stealth        | |  1.7
Spellcasting   | |  3.2
Summonings     | |  1.2
Translocations | |  1.1

Action                   || total
-------------------------++-------
Melee: Unarmed           ||    14
       Dagger            ||     7
 Fire: Hunting sling     ||     3
 Cast: Magic Dart        ||    43
 Abil: Hop               ||     2
  Eat: Chunk             ||     1
Armor: Robe              ||     2
Dodge: Dodged            ||    13
